 Dungeon Crawl Stone Soup version 0.17.1-3-g152610e (webtiles) character file.

61628 jacquesderrida the Summoner (level 14, -9/127 HPs)
             Began as a Demonspawn Summoner on Apr 7, 2016.
             Was a High Priest of Ashenzari.
             Killed from afar by a thorn hunter (25 damage)
             ... with a volley of thorns
             ... on level 3 of the Swamp.
             The game lasted 01:34:22 (12764 turns).

jacquesderrida the Summoner (Demonspawn Summoner)  Turns: 12764, Time: 01:34:22

Health: -9/127     AC: 20    Str: 12    XL:     14   Next: 61%
Magic:  6/26       EV: 14    Int: 17    God:    Ashenzari [*****.]
Gold:   1371       SH:  0    Dex: 24    Spells: 7 memorised, 7 levels left

rFire  + . .     SeeInvis +     X - +9 bardiche (protect) (curse)
rCold  . . .     Clarity  +     R - +0 swamp dragon armour
rNeg   + . .     SustAt   .     (shield currently unavailable)
rPois  +         Gourm    .     s - +1 helmet
rElec  .         Spirit   .     b - +1 cloak "Huecoup" {Regen+ Dex+3} (curse)
rCorr  .         Warding  +     g - +1 pair of gloves (curse)
rMut   .         Stasis   .     (boots unavailable)
MR     +....                    d - amulet of warding
Stlth  +.........               q - +6 ring of dexterity (curse)
                                z - ring of protection from fire

@: lethally poisoned (-9 -> -9), grasped by roots, very slightly contaminated,
very slow, somewhat resistant to hostile enchantments, very unstealthy
A: hooves 3, rugged brown scales 2, demonic guardian 3, robust 1, spiny 2
a: Scrying, Transfer Knowledge, Renounce Religion


You were on level 3 of the Swamp.
You worshipped Ashenzari.
Ashenzari was extremely pleased with you.
You were not hungry.

You visited 6 branches of the dungeon, and saw 32 of its levels.
You also visited: Sewer and Ice Cave.

You collected 2106 gold pieces.
You spent 735 gold pieces at shops.

Inventory:

Hand Weapons
 L - a +3 blowgun
 X - a cursed +9 bardiche of protection (weapon)
Missiles
 f - 7 curare-tipped needles
 o - 3 throwing nets (quivered)
Armour
 b - the cursed +1 cloak "Huecoup" (worn) {Regen+ Dex+3}
   (You found it on level 1 of the Lair of Beasts)

   It affects your dexterity (+3).
   It increases your rate of regeneration.
   It has a curse placed upon it.
 g - a cursed +1 pair of gloves (worn)
 s - a +1 helmet (worn)
 M - a +0 troll leather armour
 R - a +0 swamp dragon armour (worn)
Magical Staves
 e - an uncursed staff of summoning
Rods
 p - a +0 rod of the swarm (13/13)
   (You found it on level 3 of the Lair of Beasts)
Jewellery
 d - an amulet of warding (around neck)
 i - a cursed ring of protection from cold
 m - a cursed ring of protection from magic
 q - a cursed +6 ring of dexterity (right hand)
 x - an uncursed ring of teleportation
 z - a ring of protection from fire (left hand)
Wands
 j - a wand of disintegration (4)
 w - a wand of paralysis (11)
 V - a wand of disintegration (8)
 W - a wand of heal wounds (3)
Scrolls
 a - 2 scrolls of recharging
 k - 2 scrolls of enchant armour
 n - 5 scrolls of identify
 t - a scroll of enchant weapon
 v - 5 scrolls of teleportation
 y - a scroll of remove curse
 C - a scroll of curse jewellery
 E - a scroll of blinking
 N - a scroll of immolation
 Q - 3 scrolls of fear
 T - a scroll of curse weapon
Potions
 l - 8 potions of curing
 A - 5 potions of flight
 B - 2 potions of berserk rage
 D - 3 potions of heal wounds
 F - 5 potions of haste
 H - 3 potions of agility
 I - 3 potions of might
 J - 6 potions of brilliance
 P - 7 potions of magic
 S - a potion of cancellation
 Z - a potion of resistance
Books
 K - a Grand Grimoire

   Spells                             Type                      Level
   a - Monstrous Menagerie            Summoning                    6
   b - Summon Greater Demon           Summoning                    7
   c - Malign Gateway                 Summoning/Translocation      7
   d - Summon Horrible Things         Summoning                    8
 O - a book of the Dragon

   Spells                             Type                      Level
   a - Flame Tongue                   Conjuration/Fire             1
   b - Cause Fear                     Hexes                        4
   c - Bolt of Fire                   Conjuration/Fire             6
   d - Dragon Form                    Transmutation                7
   e - Dragon's Call                  Summoning                    9
Miscellaneous
 h - a fan of gales
Comestibles
 c - 12 bread rations
 u - 6 meat rations
 U - 6 fruits


   Skills:
 - Level 10.4 Fighting
   Level 1.3 Long Blades
 + Level 11.7(16.5) Polearms
 + Level 2.1 Armour
 - Level 11.0 Dodging
 - Level 1.7 Stealth
 - Level 8.5 Spellcasting
 + Level 13.3 Summonings
 - Level 4.0 Ice Magic


You had 7 spell levels left.
You knew the following spells:

 Your Spells              Type           Power        Failure   Level  Hunger
a - Summon Guardian Gole  Hex/Summ       ####....     6%          3    #......
b - Summon Ice Beast      Ice/Summ       #####...     10%         4    ###....
c - Call Canine Familiar  Summ           ######..     1%          3    #......
d - Monstrous Menagerie   Summ           ######....   17%         6    ######.
e - Call Imp              Summ           ######..     1%          2    None
f - Apportation           Tloc           #.........   24%         1    None
g - Summon Lightning Spi  Summ/Air       ####....     17%         4    ###....


Dungeon Overview and Level Annotations

Branches:
Dungeon (15/15)            Temple (1/1) D:5            Lair (8/8) D:9
  Swamp (3/4) Lair:5          Orc (4/4) D:12            Elf (1/3) Orc:3
 Vaults (0/5) D:13
  Snake: Lair:3-6    Spider: Lair:3-6     Slime: Lair:6-8    Depths: D:15

Altars:
Ashenzari
Cheibriados
Dithmenos
Elyvilon
Fedhas
Gozag
Kikubaaqudgha
Makhleb
Nemelex Xobeh
Okawaru
Qazlal
Ru
Sif Muna
Trog
Vehumet
Yredelemnul
Zin

Shops:
D:6 (   D:12 }   Orc:4 ([*(

Annotations:
D:7 exclusion: statue


Innate Abilities, Weirdness & Mutations

You have hooves in place of feet.
You are mostly covered in rugged brown scales (AC +2, +5% HP).
A powerful demonic guardian rushes to your aid.
You are mostly covered in sharp spines.
You are robust (+10% HP).


Message History

The spriggan rider is lightly wounded.
Tangled roots snake along the ground.
Roots rise up from beneath your balrug and drag it to the ground.
Your balrug gestures at the spriggan rider.
The fireball explodes!
The fireball engulfs the spriggan rider.
The fireball engulfs the wasp.
The wasp dies!
The fireball engulfs your balrug.
Your balrug completely resists.
The thorn hunter fires a volley of thorns at you.
The volley of thorns hits you!
* * * LOW HITPOINT WARNING * * *
Your balrug gestures at the spriggan rider.
The spriggan rider is smitten.
The spriggan rider dies!
The wasp dies!
You hear a splash.
The thorn hunter fires a volley of thorns at you.
The volley of thorns hits you!
You die...

♣.≈≈..≈≈≈≈.♣ * .♣♣*, ≈
♣.≈≈≈♣≈≈..♣♣ ,....., , *
♣.≈♣≈≈≈♣≈.♣ ♣..≈≈≈≈≈
♣.≈≈≈≈y♣≈. *♣?..≈≈≈≈ ≈
..≈♣♣♣≈≈♣.♣♣♣♣♣♣♣.≈≈≈..., *
.≈≈..≈≈≈≈....≈≈≈§.≈≈≈≈≈♣,≈
≈ ,
...≈≈♣♣....≈≈≈f♣≈.≈..≈≈≈ ,
≈≈≈≈≈§≈≈≈≈.≈≈§♣2≈≈≈≈.≈≈≈ ,
,*
.≈..≈..≈≈≈.≈≈§§.@.≈≈≈.≈≈,,≈
* *
≈≈≈≈≈≈≈≈.<.≈≈§.§≈≈.≈§.≈≈ ≈
≈≈≈≈≈≈≈≈.......≈♣≈≈♣.≈.. ≈
, ≈≈≈≈≈≈♣≈.≈.≈≈≈≈≈≈....♣..
, ,≈ .≈≈≈≈≈.f≈≈.≈.≈≈ . ≈ ,
≈ *♣.≈≈≈.≈≈...≈≈≈... ≈ ≈,**
.≈≈≈.≈≈≈≈..≈≈≈..,,, , ≈
≈≈≈.≈≈.≈≈≈♣≈... ≈ ≈ , ≈*≈
≈≈ ≈ ≈ ≈,≈,≈ , ,≈≈,


You could see a thorn hunter, a shambling mangrove and a friendly balrug.

Vanquished Creatures
  The ghost of azaza322 the Bludgeoner, a journeyman DDBe of Trog (Swamp:3)
  2 catoblepae (Lair:8)
  6 death yaks (Lair:8)
  A hill giant (D:15)
  A swamp dragon (Swamp:2)
  A shambling mangrove (Swamp:2)
  A hornet (Swamp:1)
  2 unseen horrors
  5 orc sorcerers
  An ugly thing (D:11)
  A cyclops (D:12)
  2 elephants (Lair:3)
  A black mamba (Lair:4)
  6 spiny frogs
  4 komodo dragons
  A redback zombie (D:15)
  A fire drake (Lair:2)
  15 polar bears (IceCv)
  A troll (Orc:4)
  Grinder (D:3)
  7 blink frogs (Lair:4)
  11 humans (D:13)
  38 yaks
  A shadow (Swamp:2)
  6 hippogriffs
  2 basilisks
  A vampire mosquito (D:15)
  2 wargs (Orc:4)
  2 swamp worms (Swamp:2)
  17 wolves
  6 porcupines
  11 water moccasins
  A sky beast (D:15)
  A swamp drake (Swamp:3)
  5 orc warriors
  2 necrophages
  2 phantoms (D:9)
  3 ice beasts
  2 wasps
  An eye of draining (D:9)
  3 ogres
  6 crocodiles
  3 centaurs
  11 giant frogs
  A gnoll sergeant (D:9)
  A wyvern skeleton (D:13)
  A scorpion (D:4)
  2 killer bees (D:9)
  A water moccasin skeleton (D:8)
  3 wights (D:13)
  A giant frog zombie (D:7)
  3 crimson imps
  20 orc wizards
  2 jellies
  2 giant frog skeletons
  10 orc priests
  A hound (D:9)
  2 iguanas
  4 worker ants
  7 sheep
  2 worker ant zombies
  A gnoll (D:6)
  8 adders
  22 river rats
  2 shadow imps
  An ooze (Sewer)
  An adder zombie (D:5)
  A worm (D:5)
  6 giant geckos
  57 orcs
  4 giant cockroaches
  A hobgoblin (D:3)
  8 jackals
  5 kobolds
  3 quokkas
  4 ball pythons
  7 bats
  3 giant newts
  3 goblins
  A jackal zombie (D:5)
  5 rats
404 creatures vanquished.

Vanquished Creatures (collateral kills)
  Rupert (D:13)
  A thorn hunter (Swamp:3)
  Kirke (D:14)
  A frost giant (IceCv)
  Snorg (D:14)
  Erolcha (D:10)
  4 centaur warriors
  A catoblepas (Lair:8)
  6 hydras
  An orc high priest (Orc:4)
  6 death yaks (Lair:8)
  Sonja (D:13)
  Nergalle (D:12)
  A spriggan (Swamp:3)
  A skeletal warrior (D:13)
  A swamp dragon (Swamp:2)
  3 hill giants
  An orc knight (D:13)
  A manticore (D:12)
  An oklob plant (Lair:1)
  3 elephants (Lair:3)
  3 gargoyles
  2 cyclopes
  4 spiny frogs
  5 trolls
  An efreet (D:14)
  4 blink frogs (Lair:4)
  3 slime creatures (Swamp:3)
  A giant leech (Swamp:3)
  Prince Ribbit (D:6)
  5 polar bears (IceCv)
  A wyvern (D:14)
  Sigmund (D:4)
  A wraith (D:14)
  5 humans (D:13)
  A shadow (D:11)
  A hog (D:14)
  A fire elemental (Lair:2)
  A vampire (D:15)
  35 yaks
  7 wolves
  2 vampire mosquitoes (D:15)
  Menkaure (D:4)
  3 hippogriffs
  2 swamp worms
  2 mottled dragons
  7 orc warriors
  3 water moccasins
  3 wasps
  A porcupine (Lair:2)
  2 ice beasts
  A necrophage (D:7)
  A sky beast (D:11)
  2 eyes of draining
  An ogre (D:7)
  10 centaurs
  Blork the orc (D:4)
  4 big kobolds
  A crocodile (Lair:4)
  A killer bee (D:9)
  2 wyvern skeletons
  A wight (D:13)
  An electric eel (Lair:6)
  2 crimson imps
  2 jellies
  10 orc priests
  2 hounds
  2 centaur skeletons
  3 iguanas
  3 worker ants
  16 orc wizards
  7 sheep
  A worker ant zombie (D:9)
  3 gnolls (D:9)
  4 adders
  15 river rats
  2 oozes
  2 worms
  3 giant geckos
  35 orcs
  A bat (D:3)
  A giant cockroach (D:1)
  3 goblins
  6 hobgoblins
  4 jackals
  9 kobolds
  2 quokkas
  A ball python (D:2)
  2 giant newts
  6 rats
  A briar patch (Swamp:3)
  A fungus (Lair:2)
322 creatures vanquished.

Vanquished Creatures (others)
  The ghost of Heskey the Warrior, a journeyman DsGl of Trog (D:14)
  A centaur warrior (D:14)
  A trapdoor spider (D:9)
  A yak (IceCv)
  2 wolves (IceCv)
  A human (D:14)
  An orc warrior (Orc:4)
  2 orc wizards
  2 briar patches (Swamp:3)
  2 fungi
14 creatures vanquished.

Grand Total: 740 creatures vanquished

Notes
Turn   | Place    | Note
--------------------------------------------------------------
     0 | D:1      | jacquesderrida the Demonspawn Summoner began the quest for the Orb.
     0 | D:1      | Reached XP level 1. HP: 13/13 MP: 3/3
   357 | D:2      | Gained mutation: You are partially covered in sharp spines. [demonic ancestry]
   357 | D:2      | Reached XP level 2. HP: 13/19 MP: 1/5
   365 | D:2      | Found a basalt altar of Yredelemnul.
   416 | D:2      | Learned a level 2 spell: Call Imp
   697 | D:3      | Reached skill level 5 in Summonings
   738 | D:3      | Gained mutation: A weak demonic guardian rushes to your aid. [demonic ancestry]
   738 | D:3      | Reached XP level 3. HP: 24/24 MP: 6/6
   839 | D:3      | Noticed Grinder
   866 | D:3      | Paralysed by Grinder for 2 turns
   873 | D:3      | Killed Grinder
   873 | D:3      | Reached skill level 6 in Summonings
   873 | D:3      | Reached XP level 4. HP: 30/30 MP: 3/7
   873 | D:3      | Gained mutation: A demonic guardian rushes to your aid. [demonic ancestry]
   873 | D:3      | Reached XP level 5. HP: 35/35 MP: 3/8
  1070 | D:3      | Learned a level 3 spell: Call Canine Familiar
  1072 | D:3      | Found a faded altar to an unknown god.
  1415 | D:4      | Noticed Menkaure
  1444 | D:4      | Killed Menkaure
  1504 | D:4      | Reached skill level 7 in Summonings
  1504 | D:4      | Gained mutation: You are partially covered in rugged brown scales (AC +1, +3% HP). [demonic ancestry]
  1504 | D:4      | Reached XP level 6. HP: 28/42 MP: 10/10
  1638 | D:4      | Noticed Blork the orc
  1668 | D:4      | Killed Blork the orc
  1700 | D:4      | Learned a level 3 spell: Summon Guardian Golem
  1758 | D:4      | Noticed Sigmund
  1761 | D:4      | Killed Sigmund
  1828 | D:5      | Entered Level 5 of the Dungeon
  2033 | D:5      | Gained mutation: You have large cloven feet. [demonic ancestry]
  2033 | D:5      | Reached XP level 7. HP: 25/47 MP: 5/13
  2204 | D:5      | Found a glowing silver altar of Zin.
  2225 | D:5      | Found a staircase to the Ecumenical Temple.
  2418 | D:5      | Found a glowing drain.
  2428 | Sewer    | Entered a sewer
  2439 | Sewer    | Learned a level 4 spell: Summon Ice Beast
  2719 | Sewer    | Reached skill level 1 in Fighting
  2774 | Temple   | Entered the Ecumenical Temple
  2786 | Temple   | Became a worshipper of Ashenzari the Shackled
  2905 | D:6      | Reached skill level 1 in Ice Magic
  2908 | D:6      | Reached skill level 1 in Long Blades
  3054 | D:6      | Reached skill level 8 in Summonings
  3057 | D:6      | Found a burning altar of Makhleb.
  3106 | D:6      | Found Dush's Weapon Boutique.
  3146 | D:6      | Noticed Prince Ribbit
  3156 | D:6      | Killed Prince Ribbit
  3156 | D:6      | Gained mutation: You are mostly covered in sharp spines. [demonic ancestry]
  3156 | D:6      | Reached XP level 8. HP: 24/57 MP: 2/14
  3387 | D:6      | Bought a +1 trident of venom for 123 gold pieces
  3432 | D:7      | Found a shadowy altar of Dithmenos.
  3515 | D:7      | Reached * piety under Ashenzari
  3603 | D:7      | Reached skill level 1 in Polearms
  3624 | D:7      | Found a radiant altar of Vehumet.
  3859 | D:8      | Found an iron altar of Okawaru.
  4101 | D:8      | Gained mutation: You have hoof-like feet. [demonic ancestry]
  4101 | D:8      | Reached XP level 9. HP: 63/63 MP: 15/15
  4101 | D:8      | Reached skill level 9 in Summonings
  4458 | D:9      | Found a blossoming altar of Fedhas.
  4541 | D:9      | Reached skill level 5 in Dodging
  4550 | D:9      | Got the quarterstaff of Animal Spirits {crush, rPois rF+}
  4551 | D:9      | Identified the +1 quarterstaff of Animal Spirits {crush, rPois rF+} (You found it on level 9 of the Dungeon)
  4710 | D:9      | Found a staircase to the Lair.
  4896 | D:10     | Entered Level 10 of the Dungeon
  5006 | D:10     | Noticed a gargoyle
  5007 | D:10     | Reached ** piety under Ashenzari
  5028 | D:10     | Killed a gargoyle
  5246 | D:10     | Noticed Erolcha
  5260 | D:10     | Killed Erolcha
  5260 | D:10     | Reached skill level 5 in Polearms
  5260 | D:10     | Reached skill level 10 in Summonings
  5260 | D:10     | Gained mutation: You have hooves in place of feet. [demonic ancestry]
  5260 | D:10     | Reached XP level 10. HP: 71/71 MP: 10/16
  5370 | D:10     | Found a stormy altar of Qazlal.
  5461 | D:11     | Noticed a green ugly thing
  5480 | D:11     | Killed a green ugly thing
  5630 | D:11     | Killed an unseen horror
  5730 | D:11     | Noticed a centaur warrior
  5738 | D:11     | Killed a centaur warrior
  5756 | D:11     | Noticed a hill giant
  5761 | D:11     | Killed a hill giant
  5870 | D:12     | Noticed Nergalle
  5872 | D:12     | Found Zoplil's Gadget Boutique.
  5886 | D:12     | Killed Nergalle
  5939 | D:12     | Noticed a manticore
  5950 | D:12     | Killed a manticore
  6095 | D:12     | Reached skill level 11 in Summonings
  6095 | D:12     | Gained mutation: A powerful demonic guardian rushes to your aid. [demonic ancestry]
  6095 | D:12     | Reached XP level 11. HP: 70/80 MP: 3/17
  6158 | D:12     | Reached skill level 5 in Fighting
  6231 | D:12     | Found a staircase to the Orcish Mines.
  6294 | D:12     | Learned a level 1 spell: Apportation
  6306 | D:12     | Noticed a cyclops
  6322 | D:12     | Killed a cyclops
  6462 | D:13     | Noticed Sonja
  6471 | D:13     | Killed Sonja
  6616 | D:13     | Noticed a hill giant
  6617 | D:13     | Noticed Rupert
  6619 | D:13     | Noticed a skeletal warrior
  6622 | D:13     | Killed a hill giant
  6633 | D:13     | Killed Rupert
  6684 | D:13     | Killed a skeletal warrior
  6738 | D:13     | Noticed a six-headed hydra
  6750 | D:13     | Killed a five-headed hydra
  6875 | D:13     | Found a gate to the Vaults.
  7042 | D:14     | Noticed Kirke
  7049 | D:14     | Killed Kirke
  7060 | D:14     | Noticed a centaur warrior
  7060 | D:14     | Noticed Heskey's ghost (journeyman DsGl)
  7062 | D:14     | Killed a centaur warrior
  7080 | D:14     | Killed Heskey's ghost
  7080 | D:14     | Gained mutation: You are mostly covered in rugged brown scales (AC +2, +5% HP). [demonic ancestry]
  7080 | D:14     | Reached XP level 12. HP: 85/93 MP: 2/18
  7137 | D:14     | Reached *** piety under Ashenzari
  7145 | D:14     | Noticed a centaur warrior
  7151 | D:14     | Killed a centaur warrior
  7167 | D:14     | Found a sparkling altar of Nemelex Xobeh.
  7197 | D:14     | Noticed a centaur warrior
  7201 | D:14     | Killed a centaur warrior
  7201 | D:14     | Reached skill level 12 in Summonings
  7218 | D:14     | Noticed Snorg
  7226 | D:14     | Killed Snorg
  7368 | D:15     | Entered Level 15 of the Dungeon
  7452 | D:15     | Found a blossoming altar of Fedhas.
  7524 | D:15     | Noticed a centaur warrior
  7535 | D:15     | Killed a centaur warrior
  7552 | D:15     | Gained mutation: You are robust (+10% HP). [potion of beneficial mutation]
  7901 | Orc:1    | Entered Level 1 of the Orcish Mines
  8048 | Orc:3    | Found a staircase to the Elven Halls.
  8058 | Elf:1    | Entered Level 1 of the Elven Halls
  8184 | Orc:3    | Found a bloodstained altar of Trog.
  8278 | Orc:4    | Entered Level 4 of the Orcish Mines
  8483 | Orc:4    | Reached skill level 5 in Spellcasting
  8501 | Orc:4    | Found Cusigoal's Antique Weapon Boutique.
  8501 | Orc:4    | Found Asoheam's Antique Weapon Shop.
  8501 | Orc:4    | Found Mol Kit's Antique Armour Boutique.
  8505 | Orc:4    | Found Igyox's General Store.
  8516 | Orc:4    | Bought a shiny helmet for 90 gold pieces
  8516 | Orc:4    | Bought a pair of brightly glowing boots for 190 gold pieces
  8516 | Orc:4    | Bought a steaming chain mail for 190 gold pieces
  8518 | Orc:4    | Identified the cursed +1 chain mail of Beawnab {*Confuse +Fly rPois rF++} (You bought it in a shop on level 4 of the Orcish Mines)
  8519 | Orc:4    | Identified the +1 pair of boots of Jethy {*Corrode *Confuse rC+ Stlth+} (You bought it in a shop on level 4 of the Orcish Mines)
  8544 | Orc:4    | Bought a scroll of enchant weapon for 112 gold pieces
  8544 | Orc:4    | Bought a scroll of identify for 30 gold pieces
  8629 | Orc:4    | Paralysed by an orc sorcerer for 4 turns
  8827 | Lair:1   | Entered Level 1 of the Lair of Beasts
  8827 | Lair:1   | Reached **** piety under Ashenzari
  8838 | Lair:1   | Learned a level 4 spell: Summon Lightning Spire
  8874 | Lair:1   | Identified the +1 cloak "Huecoup" {Regen+ Dex+3}
  8874 | Lair:1   | Identified the +0 pair of gloves of Napruo {rF- Str+7 SInv}
  9222 | Lair:2   | Reached skill level 10 in Dodging
  9514 | Lair:2   | Reached XP level 13. HP: 113/113 MP: 10/21
  9611 | Lair:2   | Noticed a seven-headed hydra
  9620 | Lair:2   | Killed a seven-headed hydra
  9864 | Lair:3   | Reached skill level 10 in Polearms
 10284 | Lair:4   | Found a frozen archway.
 10293 | IceCv    | Entered an ice cave
 10397 | IceCv    | Identified the Volume of Glacial Arcane Weapons
 10909 | IceCv    | Noticed a frost giant
 10953 | IceCv    | Reached skill level 10 in Fighting
 10992 | IceCv    | Identified a +0 rod of the swarm (13/13) (You found it on level 3 of the Lair of Beasts)
 11003 | IceCv    | Killed a frost giant
 11175 | Lair:4   | Learned a level 6 spell: Monstrous Menagerie
 11407 | Lair:5   | Found a staircase to the Swamp.
 11671 | Lair:6   | Reached XP level 14. HP: 119/126 MP: 11/25
 11783 | Lair:8   | Entered Level 8 of the Lair of Beasts
 12054 | Lair:8   | Identified a scroll of acquirement
 12258 | Lair:8   | Reached skill level 13 in Summonings
 12398 | Swamp:1  | Entered Level 1 of the Swamp
 12401 | Swamp:1  | Paralysed by a hornet for 3 turns
 12406 | Swamp:1  | Reached ***** piety under Ashenzari
 12534 | Swamp:3  | Found an opulent altar of Gozag.
 12535 | Swamp:3  | Noticed azaza322's ghost (journeyman DDBe)
 12591 | Swamp:3  | Reached skill level 1 in Armour
 12671 | Swamp:3  | Noticed a thorn hunter
 12682 | Swamp:3  | Killed a thorn hunter
 12724 | Swamp:3  | Killed azaza322's ghost
 12762 | Swamp:3  | Noticed a thorn hunter
 12764 | Swamp:3  | Killed from afar by a thorn hunter

Action                   |  1- 3 |  4- 6 |  7- 9 | 10-12 | 13-15 || total
-------------------------+-------+-------+-------+-------+-------++-------
Melee: Club              |     8 |       |       |       |       ||     8
       War axe           |       |       |    35 |       |       ||    35
       Trident           |       |       |   127 |   591 |   574 ||  1292
       Bardiche          |       |       |       |       |    97 ||    97
 Fire: Hunting sling     |    23 |    60 |    21 |       |       ||   104
Throw: Stone             |     5 |       |       |       |       ||     5
 Cast: Summon Small Mamm |    21 |       |     1 |       |       ||    22
       Call Imp          |     9 |     9 |     2 |       |       ||    20
       Call Canine Famil |       |    10 |    24 |    40 |     6 ||    80
       Summon Guardian G |       |     1 |    13 |     8 |     5 ||    27
       Summon Ice Beast  |       |       |    25 |    53 |    82 ||   160
       Monstrous Menager |       |       |       |       |     9 ||     9
Invok: Scrying           |       |       |       |     2 |     5 ||     7
Evoke: Wand              |       |       |     1 |     8 |     8 ||    17
       Rod               |       |       |       |       |     2 ||     2
  Use: Potion            |     3 |       |     1 |     3 |     4 ||    11
       Scroll            |     1 |     8 |    17 |    12 |    20 ||    58
 Stab: Sleeping          |       |       |     6 |     7 |     3 ||    16
       Distracted        |       |       |     5 |     3 |    20 ||    28
       Paralysed         |       |       |       |    11 |     3 ||    14
       Confused          |       |       |       |     1 |       ||     1
  Eat: Chunk             |       |     5 |     8 |    21 |    25 ||    59
       Pizza             |       |       |     2 |     2 |     1 ||     5
       Bread ration      |       |       |     2 |       |     1 ||     3
       Fruit             |       |       |       |     6 |     2 ||     8
       Beef jerky        |       |       |       |     1 |     1 ||     2
